 Dungeon Crawl Stone Soup version 0.19.5 (webtiles) character file.

63 Chifra the Charmwright (level 3, -2/24 HPs)
             Began as a High Elf Skald on May 6, 2017.
             Slain by an adder (3 damage)
             ... on level 2 of the Dungeon.
             The game lasted 00:06:41 (2275 turns).

Chifra the Charmwright (High Elf Skald)             Turns: 2275, Time: 00:06:42

Health: -2/24      AC:  3    Str: 11    XL:     3   Next: 89%
Magic:  8/8        EV: 11    Int: 17    God:
Gold:   120        SH:  0    Dex: 14    Spells: 3 memorised, 3 levels left

rFire  . . .     SeeInvis .     a - +0 falchion
rCold  . . .     Gourm    .     b - +0 leather armour
rNeg   . . .     Faith    .     (no shield)
rPois  .         Spirit   .     (no helmet)
rElec  .         Reflect  .     (no cloak)
rCorr  .         Harm     .     (no gloves)
MR     .....                    (no boots)
Stlth  +.........               (no amulet)
                                (no ring)
                                (no ring)

@: lethally poisoned (-2 -> -10), drained
A: no striking features
a: no special abilities


You were on level 2 of the Dungeon.
You were hungry.

You visited 1 branch of the dungeon, and saw 2 of its levels.

You collected 120 gold pieces.

Inventory:

Hand Weapons
 a - a +0 falchion (weapon)
Armour
 b - a +0 leather armour (worn)
Jewellery
 g - an uncursed ring of protection from magic {unknown}
 h - an uncursed ring of positive energy {unknown}
 l - a +2 ring of dexterity {unknown}
Scrolls
 i - a scroll of teleportation
 j - a scroll of fear
 m - 2 scrolls of identify {unknown}
 p - a scroll of noise {unknown}
Potions
 e - a potion of degeneration {unknown}
 f - a potion of cancellation {unknown}
 k - 2 potions of resistance {unknown}
 n - a potion of berserk rage {unknown}
Books
 c - a book of Battle

   Spells                             Type                      Level
   a - Infusion                       Charms                       1
   b - Shroud of Golubria             Charms/Translocation         2
   c - Song of Slaying                Charms                       2
   d - Spectral Weapon                Hexes/Charms                 3
   e - Regeneration                   Charms/Necromancy            3
Comestibles
 d - a bread ration


   Skills:
 + Level 2.2(1.5) Fighting
 + Level 2.9(2.3) Long Blades
 - Level 1.0(0.3) Armour
 + Level 2.0(1.3) Dodging
 + Level 3.1(2.4) Spellcasting
 + Level 4.4(3.7) Charms
 - Level 0.2(0.0) Translocations


You had 3 spell levels left.
You knew the following spells:

 Your Spells              Type           Power        Failure   Level  Hunger
a - Infusion              Chrm           ##..         8%          1    #......
b - Song of Slaying       Chrm           ##......     10%         2    ##.....
c - Shroud of Golubria    Chrm/Tloc      #.........   21%         2    ##.....


Dungeon Overview and Level Annotations

Branches:
Dungeon (2/15)

Altars:

Annotations:
D:2 1 runed door


Message History

You feel sick. The adder completely misses you.
You riposte.
You miss the adder.
The adder is severely wounded.
You miss the adder.
The adder is severely wounded.
The adder bites you. x2
* * * LOW HITPOINT WARNING * * *
You barely miss the adder.
The adder is severely wounded.
The adder closely misses you.
You closely miss the adder.
The adder is severely wounded.
You feel sick. The adder bites you.
* * * LOW HITPOINT WARNING * * *
You are more poisoned.
The adder poisons you! The adder closely misses you.
You hit the adder.
The adder is almost dead.
The adder bites you.
You die...

#.# ...##### #.#
........# #.#
......#.# #)#
#.#....# #.#
........# #.#
...#....# #.#
........#####.#
..#####....gS@.#
............####
....#...#...#
........#...#
....#.#.##..#
...$....#...#
........#..##
###........#
#######


You could see an adder and a goblin.

Vanquished Creatures
  An adder (D:2)
  4 dart slugs
  A leopard gecko (D:1)
  5 bats
  6 goblins
  6 hobgoblins
  3 jackals (D:2)
  11 kobolds
  A ball python (D:1)
  3 frilled lizards
  5 rats
  A fungus (D:2)
47 creatures vanquished.

Notes
Turn   | Place    | Note
-------+----------+-------------------------------------------
     0 | D:1      | Chifra the High Elf Skald began the quest for the Orb.
     0 | D:1      | Reached XP level 1. HP: 14/14 MP: 4/4
   105 | D:1      | Reached skill level 4 in Charms
   110 | D:1      | Reached XP level 2. HP: 10/19 MP: 4/6
   508 | D:1      | Reached skill level 1 in Armour
   521 | D:1      | Learned a level 2 spell: Song of Slaying
   524 | D:1      | Learned a level 2 spell: Shroud of Golubria
  1032 | D:1      | Reached XP level 3. HP: 24/24 MP: 8/8
  2039 | D:2      | Found a runed door.
  2274 | D:2      | HP: 1/24 [adder (4)]
  2275 | D:2      | Slain by an adder

Skill      XL: |  1  2  3 |
---------------+----------+-----
Charms         | 4 |  4.4
Armour         | 1 |  1.0
Dodging        | 2 |  2.0
Spellcasting   | 3 |  3.1
Fighting       | |  2.2
Long Blades    | |  2.9
Translocations | |  0.2

Action                   || total
-------------------------++-------
Melee: Falchion          ||   166
  Use: Scroll            ||     2
  Eat: Chunk             ||     4
Armor: Leather armour    ||    48
Dodge: Dodged            ||   126
       Rpst.: Falchion   ||    43
